 Dungeon Crawl Stone Soup version 0.31-a0-564-g3b7de120b3 (webtiles) character file.

Game seed: 9790053344486860677

90 freelancePsychic the Insei (level 4, 0/51 HPs)
             Began as a Djinni Shapeshifter on Aug 17, 2023.
             Was a Follower of Jiyva.
             Slain by an orc
             ... wielding a +2 war axe of electrocution
              (5 damage)
             ... on level 3 of the Dungeon.
             The game lasted 00:02:54 (2043 turns).

freelancePsychic the Insei (Djinni Shapeshifter)    Turns: 2043, Time: 00:02:55

Health: 0/51       AC: 22    Str: 14    XL:     4   Next: 85%
Gold:   180        EV:  2    Int: 11    God:    Jiyva [*.....] SH:  0 Dex: 14

rFire   . . .        m - +2 spear (venom)
rCold   + . .        (no shield)
rNeg    . . .        a - melded +0 animal skin
rPois   ∞            k - melded +0 helmet
rElec   .            o - melded +0 cloak
rCorr   .            (gloves currently unavailable)
SInv    .            (boots unavailable)
Will    .....        (no amulet)
Stlth   +            g - ring of protection from cold
HPRegen 1.08/turn    (no ring)
MPRegen 0.00/turn

%: infuse magic (-1 HP)
@: tree-form
A: stationary, stasis, torment immunity, boosted hp, sickness immunity, (fire
resistance 2), (cold vulnerability 1), float, innate caster, HP casting, extra
vitality 1
a: Renounce Religion


You were on level 3 of the Dungeon.
You worshipped Jiyva.
Jiyva was aware of your devotion.
You were a tree.
You visited 1 branch of the dungeon, and saw 3 of its levels.

You collected 180 gold pieces.

Inventory:

Hand Weapons
 j - a +0 whip
 m - a +2 spear of venom (weapon)
Armour
 a - a +0 animal skin (melded)
 k - a +0 helmet (melded)
 o - a +0 cloak (melded)
Jewellery
 g - a ring of protection from cold (left branch)
Talismans
 c - a beast talisman
 d - a flux talisman
Scrolls
 i - 3 scrolls of identify {unknown}
 n - a scroll of fear {unknown}
 p - a scroll of noise {unknown}
 q - a scroll of immolation {unknown}
Potions
 e - 3 potions of might {unknown}
 f - a potion of resistance {unknown}
 h - a potion of heal wounds {unknown}
 l - a potion of curing {unknown}


   Skills:
 + Level 2.5 Fighting
 + Level 0.6 Polearms
 - Level 2.1 Dodging
 - Level 3.0 Unarmed Combat
 * Level 2.0 Spellcasting
 * Level 2.0 Conjurations
 * Level 2.0 Hexes
   Level 0.0 Charms
 * Level 2.0 Summonings
 * Level 2.0 Necromancy
 * Level 2.0 Translocations
 * Level 2.0 Transmutations
 * Level 2.0 Fire Magic
 * Level 2.0 Ice Magic
 * Level 2.0 Air Magic
 * Level 2.0 Earth Magic
 * Level 2.0 Poison Magic
 - Level 2.6 Shapeshifting


You knew the following spells:

 Your Spells              Type           Power      Damage    Failure   Level
a - Slow                  Hex            20%        N/A       12%         1
Your spell library was empty.

Dungeon Overview and Level Annotations

Branches:
Dungeon (3/15)

Altars:
Dithmenos
Zin
Jiyva

Shops:
D:1 :[


Innate Abilities, Weirdness & Mutations

You are a tree.
Your roots penetrate the ground, keeping you stationary.
You cannot be teleported.
You are immune to unholy pain and torment.
Your maximum health is greatly increased.
Your equipment is partially melded.
You are immune to sickness and miasma.
You are immune to poison.
((Your flesh is very heat resistant. (rF++)))
((You are vulnerable to cold. (rC-)))
You float through the air rather than walking.
You learn spells naturally, not from books.
Your magical power is your life essence.
You have superior vitality. (+4 MHP)


Message History

The orc hits you with a +2 war axe of electrocution!
You are electrocuted!
The hobgoblin hits the plant.
The plant begins to die.
Something hits the plant!
You hear a shout!
You are too injured to fight recklessly!
You are too injured to fight recklessly!
You are too injured to fight recklessly!
You are too injured to fight recklessly!
You are too injured to fight recklessly!
You are too injured to fight recklessly!
You are too injured to fight recklessly!
You are too injured to fight recklessly!
You are too injured to fight recklessly!
You are too injured to fight recklessly!
You are too injured to fight recklessly!
You are too injured to fight recklessly!
You are too injured to fight recklessly!
You are too injured to fight recklessly!
You are too injured to fight recklessly!
You are too injured to fight recklessly!
You are too injured to fight recklessly!
You are too injured to fight recklessly!
You barely miss the orc. The orc closely misses you.
An orc priest comes into view. It is wielding a +0 dagger.
The hobgoblin hits something.
You barely miss the orc.
The orc priest shouts!
The orc hits you with a +2 war axe of electrocution.
You are electrocuted!
* * * LOW HITPOINT WARNING * * *
The hobgoblin hits something.
You hear a shout! x2
Okay, then.
Okay, then.
You turn into a tree.
Your +0 cloak melds into your body.
Your +0 helmet melds into your body.
Your +0 animal skin melds into your body.
Your roots penetrate the ground.
The orc hits you with a +2 war axe of electrocution.
You die...

.PPPP..P.#
.PP..gP..#
...PPPP..####
#...........##
#............##
#...!........# .
#.....og..#
#o..###....#o#.#
..oo.o...###♣#...
.#...o.###...####..
....####...#..# .#
.#####.†.####.# #
###.....### ..#
###...##.## #.#
##...#..#..# ..
...####.##.# #.#
.### ..#.. ..


You could see an orc priest, a gnoll, an orc and a hobgoblin.

Vanquished Creatures
  Jessica (D:3)
  An adder (D:2)
  A gnoll (D:3)
  2 orcs (D:3)
  2 endoplasms (D:1)
  A giant cockroach (D:1)
  7 hobgoblins
  3 jackals (D:1)
  5 kobolds
  3 quokkas
  5 ball pythons
  5 bats
  A frilled lizard (D:1)
  A goblin (D:1)
  3 rats (D:1)
41 creatures vanquished.

Vanquished Creatures (others)
  An endoplasm (D:3)
1 creature vanquished.

Grand Total: 42 creatures vanquished

Notes
Turn   | Place    | Note
-------+----------+-------------------------------------------
     0 | D:1      | freelancePsychic the Djinni Shapeshifter began the quest
                  | for the Orb.
     0 | D:1      | Reached XP level 1. HP: 17/17 MP: 0/0
    90 | D:1      | Found Taheig's Vocational Training.
   128 | D:1      | Reached XP level 2. HP: 22/22 MP: 0/0
   205 | D:1      | Found Yghith's Antique Armour Emporium.
   327 | D:1      | Reached skill level 1 in Spellcasting
   327 | D:1      | Reached skill level 1 in Conjurations
   327 | D:1      | Reached skill level 1 in Hexes
   327 | D:1      | Reached skill level 1 in Summonings
   327 | D:1      | Reached skill level 1 in Necromancy
   327 | D:1      | Reached skill level 1 in Translocations
   327 | D:1      | Reached skill level 1 in Transmutations
   327 | D:1      | Reached skill level 1 in Fire Magic
   327 | D:1      | Reached skill level 1 in Ice Magic
   327 | D:1      | Reached skill level 1 in Air Magic
   327 | D:1      | Reached skill level 1 in Earth Magic
   327 | D:1      | Reached skill level 1 in Poison Magic
   641 | D:1      | Reached XP level 3. HP: 27/28 MP: 0/0
   641 | D:1      | Learned a level 1 spell: Slow
  1227 | D:2      | Found a faded altar of an unknown god.
  1244 | D:2      | Prayed at the altar of an unknown god.
  1244 | D:2      | Became a worshipper of Jiyva Jedgh the Shapeless
  1244 | D:2      | Reached * piety under Jiyva
  1946 | D:3      | Found a glowing silver altar of Zin.
  1948 | D:3      | Found a shadowy altar of Dithmenos.
  1950 | D:3      | Noticed Jessica
  1966 | D:3      | Reached XP level 4. HP: 33/33 MP: 0/0
  1967 | D:3      | Killed Jessica
  2043 | D:3      | Slain by an orc

Illustrated notes

Levels and vault maps discovered:
D:1:      ncdulo_halloftheorcs, layout_rooms, serial_forest,
          infiniplex_forest_lined_2, infiniplex_forest_lined_ring,
          infiniplex_forest_clump_medium, infiniplex_forest_lined_room_,
          infiniplex_forest_clump_small, infiniplex_forest_side_room,
          serial_shops, shop, roderic_lattice_a, nicolae_shop_vocational
D:2:      layout_loops_cross, serial_rivers, chequers_serial_rivers_micro_d,
          chequers_serial_rivers_large_a, chequers_serial_rivers_micro_e,
          chequers_serial_rivers_micro_b, chequers_serial_rivers_room_b,
          chequers_ecumenical_altar_simple, hangedman_decor_push
D:3:      minmay_skewed_foursquare, layout_rooms, slow_altar_2,
          mainiacjoe_overflow_surrounded_room, mainiacjoe_overflow_brackets,
          grunt_temple_overflow_open, minmay_statues_item,
          nicolae_grassy_gnolls, uniq_jessica

Skill      XL: |  1  2  3  4 |
---------------+-------------+-----
Spellcasting   | 1 2 |  2.0
Conjurations   | 1 2 |  2.0
Hexes          | 1 2 |  2.0
Summonings     | 1 2 |  2.0
Necromancy     | 1 2 |  2.0
Translocations | 1 2 |  2.0
Transmutations | 1 2 |  2.0
Fire Magic     | 1 2 |  2.0
Ice Magic      | 1 2 |  2.0
Air Magic      | 1 2 |  2.0
Earth Magic    | 1 2 |  2.0
Poison Magic   | 1 2 |  2.0
Fighting       | 2 |  2.5
Polearms       | |  0.6
Dodging        | |  2.1
Unarmed Combat | |  3.0
Shapeshifting  | |  2.6

Action                     |  1- 3 |  4- 6 || total
---------------------------+-------+-------++-------
  Melee: Unarmed           |    69 |       ||    69
         Punch             |     4 |       ||     4
         Whip              |    45 |       ||    45
         Spear             |    16 |    15 ||    31
   Cast: Slow              |     1 |     1 ||     2
Ability: Begin Untransform |     1 |       ||     1
    Use: Scroll            |     1 |       ||     1
         Potion            |       |     1 ||     1
   Stab: Sleeping          |     2 |       ||     2
 Armour: Animal skin       |    42 |     1 ||    43
  Dodge: Dodged            |    90 |     5 ||    95

Table legend: (Time is in decaauts)
 A = Elapsed time spent in this place.
 B = Non-inter-level travel time spent in this place.
 C = Inter-level travel time spent in this place.
 D = Time resting spent in this place.
 E = Time spent auto-exploring this place.
 F = Levels seen in this place.
 G = Mean time per level.
                   A        B        C        D        E       F      G
               +--------+--------+--------+--------+--------+-----+--------+
         Total |   2051 |   1858 |    193 |      0 |   1464 |   3 |  683.7 |
       Dungeon |   2051 |   1858 |    193 |      0 |   1464 |   3 |  683.7 |
               +--------+--------+--------+--------+--------+-----+--------+

Top non-repeatable levels by time:
     D:1: 1206 daAuts
     D:2: 735 daAuts
     D:3: 109 daAuts
